 Dungeon Crawl Stone Soup version 0.26-a0-642-g67e99244d3 (webtiles) character file.

Game seed: 1438953552486168326

265 Descartes the Magician (level 5, -4/28 HPs)
             Began as a Deep Elf Hedge Wizard on Sept 22, 2020.
             Slain by an orc priest
             ... wielding a +0 morningstar
              (5 damage)
             ... on level 2 of the Dungeon.
             The game lasted 00:06:13 (2759 turns).

Descartes the Magician (Deep Elf Hedge Wizard)      Turns: 2759, Time: 00:06:13

Health: -4/28      AC:  4    Str:  7    XL:     5   Next: 99%
Magic:  7/15       EV: 12    Int: 20    God:
Gold:   130        SH:  0    Dex: 14    Spells: 15/16 levels left

rFire    . . .     SeeInvis .   a - +0 dagger
rCold    . . .     Faith    .   (no shield)
rNeg     . . .     Spirit   .   b - +0 robe
rPois    .         Reflect  .   u - +0 helmet
rElec    .         Harm     .   (no cloak)
rCorr    .         Rampage  .   (no gloves)
MR       .....                  d - +0 pair of boots
Stlth    ++++......             (no amulet)
HPRegen  0.09/turn              p - ring of stealth
MPRegen  0.14/turn              (no ring)

@: drained
A: no striking features
a: no special abilities


You were on level 2 of the Dungeon.
You visited 1 branch of the dungeon, and saw 2 of its levels.

You collected 130 gold pieces.

Inventory:

Hand Weapons
 a - a +0 dagger (weapon)
 t - a +0 mace of draining
Missiles
 h - 69 stones (quivered)
 k - 45 sling bullets
 m - a throwing net
 n - 3 boomerangs
Armour
 b - a +0 robe (worn)
 c - a +0 hat
 d - a +0 pair of boots (worn)
 u - a +0 helmet (worn)
Jewellery
 p - a ring of stealth (left hand)
Scrolls
 g - a scroll of teleportation
 i - a scroll of remove curse
Potions
 f - a potion of curing
 j - a potion of flight {unknown}
 o - a potion of heal wounds {unknown}
 q - a potion of brilliance {unknown}
 r - 3 potions of stabbing
 s - a potion of ambrosia {unknown}


   Skills:
 - Level 2.4(1.6) Dodging
 - Level 5.0(4.1) Stealth
 + Level 6.4(5.5) Spellcasting
 + Level 3.9(3.0) Conjurations
   Level 1.1(0.3) Summonings
   Level 1.1(0.3) Translocations


You had 15 spell levels left.
You knew the following spells:

 Your Spells              Type           Power        Failure   Level
a - Magic Dart            Conj           ###.         3%          1

Your spell library contained the following spells:

 Spells                   Type           Power        Failure   Level
 Blink                    Tloc           N/A          14%         2
 Call Imp                 Summ           #.......     14%         2
 Slow                     Hex            #.......     17%         2
 Conjure Flame            Conj/Fire      ##......     19%         3
 Mephitic Cloud           Conj/Pois/Air  #.......     22%         3


Dungeon Overview and Level Annotations

Branches:
Dungeon (2/15)

Altars:
Zin


Message History

The magic dart hits the orc priest.
The orc priest is heavily wounded.
The orc priest calls down the wrath of Beogh upon you.
Beogh smites you!
Ouch! That really hurt!
* * * LOW HITPOINT WARNING * * *
It was a potion of curing.
You feel better.
You hit the orc priest but do no damage.
The orc priest is moderately wounded.
The orc priest hits you with a +0 morningstar.
* * * LOW HITPOINT WARNING * * *
You hit the orc priest.
The orc priest is heavily wounded.
The orc priest hits you with a +0 morningstar.
* * * LOW HITPOINT WARNING * * *
You hit the orc priest.
The orc priest is heavily wounded.
The orc misses you.
The orc priest hits you with a +0 morningstar.
You die...

P..........#...###.#..##.#.......
........#........................
)..............#...#.###...[.....
.........##.###.........
##....#...#.##..........
........................
#...........##..........
#................P.... .###
#.#@#.....≈≈.≈P≈≈♣.. [...(####
#.oo...#....≈.≈≈≈≈..
##....########.....P≈.≈≈≈≈≈≈.≈.
#.....).w..o.....##..≈≈≈≈≈≈≈≈≈.
......#######.......#.PP≈≈≈≈≈.≈≈P
...... ####....#..≈≈≈≈≈≈≈≈P.
..).. #........♣..P..... ..oo.
######...#.#........... ....
#......#######.........


You could see an orc priest and an orc.

Vanquished Creatures
  Sigmund (D:2)
  Robin (D:1)
  3 adders (D:2)
  A worm (D:2)
  A dart slug (D:1)
  2 leopard geckos (D:2)
  2 orcs (D:2)
  A ball python (D:1)
  6 bats
  3 giant cockroaches
  13 goblins
  9 hobgoblins
  6 jackals
  4 frilled lizards (D:1)
  2 kobolds
55 creatures vanquished.

Vanquished Creatures (others)
  A hobgoblin (D:2)
  7 plants (D:2)
8 creatures vanquished.

Grand Total: 63 creatures vanquished

Notes
Turn   | Place    | Note
-------+----------+-------------------------------------------
     0 | D:1      | Descartes the Deep Elf Hedge Wizard began the quest for the
                  | Orb.
     0 | D:1      | Reached XP level 1. HP: 10/10 MP: 7/7
   336 | D:1      | Reached XP level 2. HP: 15/15 MP: 5/9
  1138 | D:1      | Reached XP level 3. HP: 19/19 MP: 7/11
  1369 | D:2      | Noticed Sigmund
  1486 | D:2      | Reached skill level 5 in Spellcasting
  1867 | D:2      | Killed Sigmund
  1867 | D:2      | Reached skill level 6 in Spellcasting
  1867 | D:2      | Reached XP level 4. HP: 14/24 MP: 2/14
  1867 | D:2      | Reached XP level 5. HP: 16/28 MP: 2/15
  2265 | D:2      | Noticed Robin
  2449 | D:1      | Killed Robin
  2449 | D:1      | Reached skill level 5 in Stealth
  2706 | D:2      | Found a glowing silver altar of Zin.
  2709 | D:2      | Noticed an angel
  2758 | D:2      | HP: 1/28 [orc priest/+0 morningstar (5)]
  2759 | D:2      | Slain by an orc priest

Illustrated notes

Levels and vault maps discovered:
D:1:      tarquinn_simple_flora_water_e, layout_basic, minmay_box_of_dots
D:2:      layout_rooms, nicolae_ru_great_annihilating_truth, zin_angel,
          nicolae_overflow_crystal_walls, serial_bayou, serial_bayou_pond_b,
          serial_bayou_pond_e, serial_bayou_pond_c, serial_bayou_pond_e,
          uniq_crazy_yiuf_cottage, uniq_robin, uniq_sigmund

Skill      XL: |  1  2  3  4  5 |
---------------+----------------+-----
Stealth        | 3 4 5 |  5.0
Conjurations   | 2 3 |  3.9
Spellcasting   | 6 |  6.4
Dodging        | |  2.4
Summonings     | |  1.1
Translocations | |  1.1

Action                   |  1- 3 |  4- 6 || total
-------------------------+-------+-------++-------
Melee: Dagger            |    16 |     3 ||    19
 Cast: Magic Dart        |    94 |    71 ||   165
  Use: Scroll            |     2 |     1 ||     3
       Potion            |       |     1 ||     1
Armor: Robe              |    21 |     5 ||    26
Dodge: Dodged            |    33 |    23 ||    56

Table legend: (Time is in decaauts)
 A = Elapsed time spent in this place.
 B = Non-inter-level travel time spent in this place.
 C = Inter-level travel time spent in this place.
 D = Time resting spent in this place.
 E = Time spent auto-exploring this place.
 F = Levels seen in this place.
 G = Mean time per level.
                   A        B        C        D        E       F      G
               +--------+--------+--------+--------+--------+-----+--------+
         Total |   2771 |   2727 |     44 |    543 |   1779 |   2 | 1385.5 |
       Dungeon |   2771 |   2727 |     44 |    543 |   1779 |   2 | 1385.5 |
               +--------+--------+--------+--------+--------+-----+--------+

Top non-repeatable levels by time:
     D:1: 2099 daAuts
     D:2: 671 daAuts
